 Dungeon Crawl Stone Soup version 0.27.1-33-g824d729ab1 (webtiles) character file.

Game seed: 9865442074944406000

234 H0rd4k the Charlatan (level 6, -2/44 HPs)
             Began as a Human Artificer on Dec 10, 2021.
             Succumbed to a scorpion's poison
             ... on level 5 of the Dungeon.
             The game lasted 00:06:50 (4308 turns).

H0rd4k the Charlatan (Human Artificer)              Turns: 4308, Time: 00:06:50

Health: -2/44      AC:  3    Str: 13    XL:     6   Next: 26%
Magic:  6/6        EV: 12    Int: 10    God:
Gold:   113        SH:  0    Dex: 14    Spells: 5/5 levels left

rFire    + . .     SeeInvis .   o - +3 dagger
rCold    x . .     Faith    .   (no shield)
rNeg     . . .     Spirit   .   b - +0 leather armour
rPois    .         Reflect  .   (no helmet)
rElec    .         Harm     .   (no cloak)
rCorr    .         Rampage  .   (no gloves)
Will     .....                  (no boots)
Stlth    +.........             (no amulet)
HPRegen  0.14/turn              n - ring of fire
MPRegen  0.10/turn              (no ring)

@: lethally poisoned (-2 -> -17)
A: dopey 1
a: no special abilities


You were on level 5 of the Dungeon.
You visited 1 branch of the dungeon, and saw 5 of its levels.

You collected 113 gold pieces.

Inventory:

Hand Weapons
 o - a +3 dagger (weapon)
Missiles
 c - 14 poisoned darts
Armour
 b - a +0 leather armour (worn)
Jewellery
 n - a ring of fire (left hand)
Scrolls
 a - a scroll of identify {unknown}
 f - a scroll of vulnerability {unknown}
 h - a scroll of teleportation {unknown}
 m - a scroll of summoning {unknown}
Potions
 g - a potion of flight
Miscellaneous
 e - a piece from Xom's chessboard (12/15)


   Skills:
 + Level 2.0 Fighting
 + Level 2.1 Short Blades
 - Level 2.0 Armour
 + Level 2.5 Dodging
 - Level 1.0 Stealth
 + Level 5.1 Evocations


You had 5 spell levels left.
You didn't know any spells.
Your spell library was empty.

Dungeon Overview and Level Annotations

Branches:
Dungeon (5/15)
 Temple: D:4-7

Altars:
Elyvilon

Shops:
D:2 *![

Annotations:
D:3 1 runed translucent door, exclusion: downstairs, Crazy Yiuf, Ijyb
D:4 exclusion: ice beast
D:5 exclusion: upstairs


Innate Abilities, Weirdness & Mutations

You are dopey. (Int -2)


Message History

You make a move on Xom's chessboard...
The bullfrog zombie appears confused.
You feel very sick.
The scorpion stings you but does no damage.
The bullfrog zombie barely misses the scorpion.
The scorpion misses you.
Unknown command.
Unknown command.
You make a move on Xom's chessboard...
The scorpion seems to slow down.
You feel very sick.
The bullfrog zombie hits the scorpion.
Unknown command.
Unknown command.
You hit the scorpion.
The scorpion is heavily wounded.
You feel sick. The scorpion stings you.
You are lethally poisoned!
The scorpion poisons you!
You closely miss the scorpion.
You headbutt the scorpion, but do no damage.
The scorpion is heavily wounded.
* * * LOW HITPOINT WARNING * * *
You feel very sick.
The scorpion stings you but does no damage.
Unknown command.
You barely miss the scorpion. You headbutt the scorpion.
The scorpion is severely wounded.
* * * LOW HITPOINT WARNING * * *
You feel very sick.
The bullfrog zombie closely misses something.
Really quaff the potion of mutation?
You feel extremely strange. The horns on your head shrink away.
You feel genetically unstable.
You feel stupid.
* * * LOW HITPOINT WARNING * * *
You feel very sick. The scorpion stings you.
* * * LOW HITPOINT WARNING * * *
You hit the scorpion.
The scorpion is severely wounded.
You die...

### ##### ##.####...####
#### #............# ##...
....####..#### ....##
#.#####sY.# #....###.
#>####.J#.## #........
...s...##..### #@#
..###..##....###s##
..###...........{.####
..##..........>.Z....#
.........##.............#
..<......###......##....?.
.........# #.......#.....#
.....†...##.............##
.....##....###........#..#


You could see a scorpion (slow) and a bullfrog zombie (confused).

Vanquished Creatures
  2 hounds
  An orc priest (D:2)
  A gnoll shaman (D:4)
  3 gnolls
  2 adders
  2 dart slugs (D:3)
  2 orcs
  4 ball pythons
  5 bats
  10 endoplasms
  A giant cockroach (D:1)
  7 hobgoblins
  4 quokkas
  3 frilled lizards
  5 goblins
  7 kobolds
  2 rats
61 creatures vanquished.

Vanquished Creatures (collateral kills)
  A jelly (D:5)
  2 gnolls (D:4)
  A dart slug (D:1)
  An orc (D:2)
  A goblin (D:3)
  A bat (D:1)
7 creatures vanquished.

Vanquished Creatures (others)
  A sky beast (D:5)
  An orc (D:2)
2 creatures vanquished.

Grand Total: 70 creatures vanquished

Notes
Turn   | Place    | Note
-------+----------+-------------------------------------------
     0 | D:1      | H0rd4k the Human Artificer began the quest for the Orb.
     0 | D:1      | Reached XP level 1. HP: 15/15 MP: 1/1
   515 | D:1      | Reached XP level 2. HP: 21/21 MP: 2/2
  1297 | D:1      | Reached skill level 4 in Evocations
  1297 | D:1      | Reached XP level 3. HP: 22/26 MP: 3/3
  1442 | D:1      | Found a faded altar of an unknown god.
  2271 | D:2      | Found Qiang's Distillery.
  2295 | D:2      | Reached XP level 4. HP: 32/32 MP: 4/4
  2304 | D:2      | Found Orofroitra's General Store.
  2591 | D:2      | Found Mutunw Irou's Armour Shop.
  2737 | D:2      | Gained mutation: You have a pair of small horns on your
                  | head. [potion of mutation]
  2737 | D:2      | Gained mutation: You are somewhat resistant to further
                  | mutation. [potion of mutation]
  2938 | D:2      | Reached XP level 5. HP: 37/37 MP: 5/5
  3218 | D:3      | Found a runed translucent door.
  3219 | D:3      | Noticed Crazy Yiuf
  3268 | D:3      | Noticed Ijyb
  3376 | D:4      | Found a white marble altar of Elyvilon.
  3387 | D:4      | Reached skill level 1 in Short Blades
  3636 | D:4      | Noticed an ice beast
  3670 | D:4      | Noticed an ice beast
  3888 | D:3      | Reached skill level 5 in Evocations
  3948 | D:3      | Reached XP level 6. HP: 22/44 MP: 6/6
  3955 | D:3      | Paralysed by Ijyb for 3 turns
  4161 | D:5      | Entered Level 5 of the Dungeon
  4269 | D:5      | Noticed a sky beast
  4282 | D:5      | Noticed a black bear
  4307 | D:5      | Lost mutation: You have a pair of small horns on your head.
                  | [potion of mutation]
  4307 | D:5      | Lost mutation: You are somewhat resistant to further
                  | mutation. [potion of mutation]
  4307 | D:5      | Gained mutation: You are dopey. (Int -2) [potion of
                  | mutation]
  4307 | D:5      | HP: 2/44 [poisoned by a scorpion]
  4308 | D:5      | Succumbed to a scorpion's poison

Illustrated notes

Levels and vault maps discovered:
D:1:      heliophobic_arrival_dark_side_of_the_moon, layout_basic,
          hellmonk_ecumenical_altar_crossroads
D:2:      layout_basic, serial_shops, shop, nicolae_shop_trees,
          nicolae_shop_trees, hangedman_decor_opposing
D:3:      minmay_diamond_boxcup, layout_basic, serial_glass, glass_columns_a,
          glass_columns_a, uniq_crazy_yiuf_cottage, uniq_ijyb
D:4:      layout_loops_ring, mainiacjoe_overflow_six_doors_small,
          mainiacjoe_overflow_brackets, minmay_temple_entry_glass
D:5:      layout_layer_cave, uniq_blork_the_orc

Skill      XL: |  1  2  3  4  5  6 |
---------------+-------------------+-----
Evocations     | 4 5 |  5.1
Dodging        | 2 |  2.5
Short Blades   | 1 2 |  2.1
Fighting       | 2 |  2.0
Armour         | |  2.0
Stealth        | |  1.0

Action                   |  1- 3 |  4- 6 || total
-------------------------+-------+-------++-------
Melee: Club              |    35 |       ||    35
       Dagger            |    66 |   123 ||   189
       Headbutt          |       |    15 ||    15
Evoke: Wand              |    16 |    14 ||    30
       Piece from Xom's  |       |     3 ||     3
  Use: Potion            |       |     6 ||     6
 Stab: Sleeping          |     2 |     2 ||     4
       Paralysed         |       |     2 ||     2
Armor: Leather armour    |    28 |    31 ||    59
Dodge: Dodged            |    76 |    58 ||   134
